 Dungeon Crawl Stone Soup version 0.27-a0-1332-g84bddb5ca7 (webtiles) character file.

Game seed: 14616768530775305548

9 Brandom the Sneak (level 2, -1/24 HPs)
             Began as a Demonspawn Delver on June 25, 2021.
             Slain by a worm (9 damage)
             ... on level 2 of the Dungeon.
             The game lasted 00:01:57 (280 turns).

Brandom the Sneak (Demonspawn Delver)                Turns: 280, Time: 00:01:58

Health: -1/24      AC:  3    Str: 12    XL:     2   Next: 3%
Magic:  2/2        EV: 11    Int: 11    God:
Gold:   0          SH:  0    Dex: 14    Spells: 1/1 levels left

rFire    . . .     SeeInvis .   a - +0 falchion
rCold    . . .     Faith    .   (no shield)
rNeg     . . .     Spirit   .   b - +0 leather armour
rPois    .         Reflect  .   (no helmet)
rElec    .         Harm     .   (no cloak)
rCorr    .         Rampage  .   (no gloves)
Will     .....                  (no boots)
Stlth    ++........             (no amulet)
HPRegen  0.08/turn              (no ring)
MPRegen  0.08/turn              (no ring)

@: no status effects
A: talons 1
a: no special abilities


You were on level 2 of the Dungeon.
You visited 1 branch of the dungeon, and saw 4 of its levels.

Inventory:

Hand Weapons
 a - a +0 falchion (weapon)
Missiles
 g - 17 poisoned darts (quivered)
Armour
 b - a +0 leather armour (worn)
 h - a +0 plate armour
   (You found it on level 5 of the Dungeon)
Wands
 v - a wand of digging (3)
Scrolls
 c - a scroll of fog
 d - a scroll of magic mapping
 e - a scroll of fear
 i - a scroll of enchant weapon {unknown}
 j - a scroll of blinking {unknown}
Potions
 f - a potion of haste {@q3}


   Skills:
 * Level 3.2 Fighting
 * Level 2.0 Long Blades
 + Level 0.3 Armour
 + Level 1.9 Dodging
 - Level 4.5 Stealth


You had one spell level left.
You didn't know any spells.
Your spell library was empty.

Dungeon Overview and Level Annotations

Branches:
Dungeon (5/15)
 Temple: D:4-7

Altars:


Innate Abilities, Weirdness & Mutations

You have sharp toenails.


Message History

You completely miss the endoplasm. The endoplasm misses you.
The endoplasm closely misses you.
Unknown command.
You hit the endoplasm. The endoplasm closely misses you.
You riposte.
You hit the endoplasm.
Unknown command.
You barely miss the endoplasm. The endoplasm misses you.
Unknown command.
You barely miss the endoplasm. The endoplasm barely misses you.
Unknown command.
You hit the endoplasm.
You kill the endoplasm!
Your Long Blades skill increases to level 2!
Found 10 gold pieces.
Found a scroll labelled ZAJOUS SUM ZEO.
j - a scroll labelled AMATZU FAOWIE An endoplasm comes into view.
A giant cockroach comes into view.
The giant cockroach closely misses you.
You riposte.
You hit the giant cockroach.
The giant cockroach bites you but does no damage.
The giant cockroach misses you.
You riposte.
You closely miss the giant cockroach.
The endoplasm quivers.
You hit the endoplasm.
You kill the endoplasm!
The giant cockroach bites you.
* * * LOW HITPOINT WARNING * * *
The giant cockroach bites you but does no damage.
You closely miss the giant cockroach. The giant cockroach bites you.
* * * LOW HITPOINT WARNING * * *
You hit the giant cockroach.
You kill the giant cockroach!
You have reached level 2!
Your demonic ancestry asserts itself...
Your toenails lengthen and sharpen.
You start resting.
A worm is nearby!
A worm comes into view.
Found 7 gold pieces.
The helpless worm fails to defend itself.
You hit the worm. You claw the worm, but do no damage. You hit the worm.
You claw the worm. The worm bites you.
* * * LOW HITPOINT WARNING * * *
You hit the worm. You claw the worm. The worm bites you.
* * * LOW HITPOINT WARNING * * *
You barely miss the worm.
Unknown command.
You completely miss the worm. The worm bites you!
You die...

.. #.... ... #... ##
..$#####... #.
.......... #.
.........# #.
.........# #.
#......##############.
#...w@................
#......##############.
#......# ## ####+###


You could see a worm.

Vanquished Creatures
  2 endoplasms (D:2)
  A giant cockroach (D:2)
  2 goblins (D:2)
  A hobgoblin (D:2)
  A rat (D:2)
7 creatures vanquished.

Notes
Turn   | Place    | Note
-------+----------+-------------------------------------------
     0 | D:5      | Brandom the Demonspawn Delver began the quest for the Orb.
     0 | D:5      | Reached XP level 1. HP: 18/18 MP: 1/1
   201 | D:2      | Gained mutation: You have sharp toenails. [demonic
                  | ancestry]
   201 | D:2      | Reached XP level 2. HP: 9/24 MP: 2/2
   280 | D:2      | Slain by a worm

Illustrated notes

Levels and vault maps discovered:
D:2:      layout_basic, hellmonk_ecumenical_altar_crossroads, basic_altar
D:3:      layout_basic
D:4:      layout_loops_ring, minmay_splitting_lines, wad_floor_pattern_2
D:5:      layout_basic, temple_pool_b, guppyfry_early_orc_mine, uniq_edmund,
          uniq_sigmund

Skill      XL: |  1 |
---------------+----+-----
Long Blades    | 2 |  2.0
Fighting       | |  3.2
Armour         | |  0.3
Dodging        | |  1.9
Stealth        | |  4.5

Action                   || total
-------------------------++-------
Melee: Falchion          ||    23
       Kick              ||     3
 Stab: Sleeping          ||     1
Armor: Leather armour    ||     3
Dodge: Dodged            ||    11
       Rpst.: Falchion   ||     3

Table legend: (Time is in decaauts)
 A = Elapsed time spent in this place.
 B = Non-inter-level travel time spent in this place.
 C = Inter-level travel time spent in this place.
 D = Time resting spent in this place.
 E = Time spent auto-exploring this place.
 F = Levels seen in this place.
 G = Mean time per level.
                   A        B        C        D        E       F      G
               +--------+--------+--------+--------+--------+-----+--------+
         Total |    283 |    283 |      0 |     59 |     57 |   4 |   70.8 |
       Dungeon |    283 |    283 |      0 |     59 |     57 |   4 |   70.8 |
               +--------+--------+--------+--------+--------+-----+--------+

Top non-repeatable levels by time:
     D:2: 217 daAuts
     D:5: 33 daAuts
     D:4: 19 daAuts
     D:3: 13 daAuts
